 Dungeon Crawl Stone Soup version 0.23.2 (webtiles) character file.

Game seed: 3032111827065249249

353 H0rd4k the Cutter (level 6, -3/46 HPs)
             Began as a Human Artificer on Apr 9, 2019.
             Splashed by a jelly's acid (7 damage)
             ... on level 4 of the Dungeon.
             The game lasted 00:07:14 (5027 turns).

H0rd4k the Cutter (Human Artificer)                 Turns: 5027, Time: 00:07:16

Health: -3/46      AC:  0    Str: 14    XL:     6   Next: 94%
Magic:  8/8        EV: 13    Int: 12    God:
Gold:   250        SH:  0    Dex: 13    Spells: 5/5 levels left

rFire    + . .     SeeInvis .   l - +1 short sword (holy)
rCold    x . .     Gourm    .   (no shield)
rNeg     . . .     Faith    .   b - +0 leather armour
rPois    .         Spirit   .   (no helmet)
rElec    .         Reflect  .   (no cloak)
rCorr    .         Harm     .   r - +0 pair of gloves
MR       .....                  (no boots)
Stlth    ++........             (no amulet)
HPRegen  0.15/turn              o - ring of fire
MPRegen  0.11/turn              (no ring)

@: lethally poisoned (-3 -> -7), corroded
A: no striking features
a: no special abilities


You were on level 4 of the Dungeon.
You were not hungry.

You visited 1 branch of the dungeon, and saw 5 of its levels.

You collected 250 gold pieces.

Inventory:

Hand Weapons
 a - a +0 short sword
 l - a +1 short sword of holy wrath (weapon)
Armour
 b - a +0 leather armour (worn)
 r - a +0 pair of gloves (worn)
Jewellery
 o - a ring of fire (left hand)
Wands
 d - a wand of enslavement (13)
Scrolls
 h - a scroll of blinking {unknown}
 j - 7 scrolls of identify {unknown}
 k - a scroll of magic mapping {unknown}
 q - a scroll of amnesia {unknown}
 t - a scroll of immolation {unknown}
 u - a scroll of enchant weapon {unknown}
 v - 2 scrolls of teleportation {unknown}
Potions
 g - a potion of flight
 i - 4 potions of curing
 m - a potion of mutation {unknown}
 n - a potion of cancellation {unknown}
 p - 2 potions of lignification {unknown}
 s - a potion of ambrosia {unknown}
Comestibles
 c - 2 chunks of flesh
 f - 8 rations


   Skills:
 + Level 2.4 Fighting
 + Level 3.6 Short Blades
 + Level 2.6 Armour
 + Level 3.3 Dodging
 + Level 1.8 Stealth
 + Level 3.6 Evocations


You had 5 spell levels left.
You didn't know any spells.
Your spell library was empty.

Dungeon Overview and Level Annotations

Branches:
Dungeon (5/15)
 Temple: D:4-7

Altars:
Ashenzari
Kikubaaqudgha
Makhleb
Uskayaw
Vehumet

Annotations:
D:1 exclusion: 2 downstairs
D:4 2 transporters, Eustachio


Message History

You hit the jackal.
The jackal is heavily wounded.
You feel sick. The jackal misses you.
You miss the jackal.
The jackal is heavily wounded.
The jackal closely misses you.
You hit the jackal.
You kill the jackal!
You feel sick.
You hit the jelly.
Your hands burn!
The jelly is moderately wounded.
The jelly hits you. The acid corrodes you!
You are splashed with acid!
* * * LOW HITPOINT WARNING * * *
You hit the jelly but do no damage.
Your hands burn!
* * * LOW HITPOINT WARNING * * *
The jelly is moderately wounded.
You feel sick. The jelly hits you.
* * * LOW HITPOINT WARNING * * *
You are splashed with acid!
You die...

##....#######.......
#..........#.......
#..........'...###.
##..........##### #.
#............[..# #.
#...........###.# #.
#.....####### #.###.
#.##### #.....
#..@Jw# ######
######.# #......#
#.....w# #.....<#
#......# #........ #
#......... #
#.......... #


You could see a worm and a jelly.

Vanquished Creatures
  An ogre (D:4)
  3 slaves
  A hound (D:4)
  2 worker ants (D:4)
  Robin (D:1)
  3 adders
  6 oozes
  2 worms
  6 dart slugs
  5 leopard geckos
  2 orcs
  7 bats
  7 giant cockroaches
  18 goblins
  11 hobgoblins
  A jackal (D:4)
  11 kobolds
  A quokka (D:4)
  7 frilled lizards
  A jackal skeleton (D:3)
  6 rats
102 creatures vanquished.

Vanquished Creatures (collateral kills)
  A frilled lizard (D:5)
1 creature vanquished.

Grand Total: 103 creatures vanquished

Notes
Turn   | Place    | Note
-------+----------+-------------------------------------------
     0 | D:1      | H0rd4k the Human Artificer began the quest for the Orb.
     0 | D:1      | Reached XP level 1. HP: 15/15 MP: 3/3
   347 | D:1      | Reached XP level 2. HP: 14/21 MP: 4/4
   468 | D:1      | HP: 1/21 [ooze (3)]
   727 | D:1      | Reached XP level 3. HP: 23/26 MP: 5/5
  1165 | D:1      | Reached skill level 1 in Armour
  1357 | D:1      | Reached XP level 4. HP: 18/32 MP: 6/6
  1492 | D:2      | Noticed Robin
  1794 | D:2      | Found a burning altar of Makhleb.
  1794 | D:2      | Found a radiant altar of Vehumet.
  1796 | D:2      | Found a hide-covered altar of Uskayaw.
  2279 | D:2      | Reached XP level 5. HP: 37/38 MP: 7/7
  2300 | D:1      | Killed Robin
  3484 | D:4      | Reached XP level 6. HP: 21/44 MP: 8/8
  3507 | D:4      | Found a transporter.
  3521 | D:4      | Found a transporter.
  3565 | D:4      | Noticed a slave
  3565 | D:4      | Noticed a slave
  3636 | D:3      | Killed a slave
  3789 | D:4      | Killed a slave
  4011 | D:4      | Found an ancient bone altar of Kikubaaqudgha.
  4029 | D:5      | Entered Level 5 of the Dungeon
  4134 | D:4      | Found a shattered altar of Ashenzari.
  4285 | D:4      | Noticed a slave
  4320 | D:4      | Killed a slave
  4628 | D:4      | Noticed an ogre
  4665 | D:5      | Noticed an ogre
  4929 | D:4      | Killed an ogre
  4999 | D:4      | Noticed Eustachio
  5027 | D:4      | Splashed by a jelly's acid

Skill      XL: |  1  2  3  4  5 |
---------------+----------------+-----
Armour         | 1 2 |  2.6
Short Blades   | 2 3 |  3.6
Dodging        | 3 |  3.3
Fighting       | 2 |  2.4
Stealth        | |  1.8
Evocations     | |  3.6

Action                   |  1- 3 |  4- 6 || total
-------------------------+-------+-------++-------
Melee: Short sword       |   125 |   321 ||   446
Evoke: Wand              |       |    32 ||    32
  Use: Potion            |       |     3 ||     3
 Stab: Sleeping          |     2 |     2 ||     4
  Eat: Chunk             |     1 |     9 ||    10
       Ration            |       |     1 ||     1
Armor: Leather armour    |    38 |    60 ||    98
Dodge: Dodged            |    88 |   219 ||   307
